 Dungeon Crawl Stone Soup version 0.21-a0-578-gc6e9d75 (webtiles) character file.

1078 Exaltedone87 the Magician (level 8, -3/59 HPs)
             Began as a Red Draconian Ice Elementalist on Dec 19, 2017.
             Was an Initiate of Sif Muna.
             Killed from afar by an orc wizard (4 damage)
             ... with a magic dart
             ... in the Ecumenical Temple.
             The game lasted 00:15:55 (4228 turns).

Exaltedone87 the Magician (DrIE)                    Turns: 4228, Time: 00:15:58

Health: -3/59      AC: 12    Str:  9 (10) XL:     8   Next: 8%
Magic:  9/16       EV: 13    Int: 20 (22) God:    Sif Muna [......]
Gold:   190        SH:  0    Dex: 12 (13) Spells: 15/18 levels left

rFire    + . .     SeeInvis .   p - +6 quarterstaff (chaos)
rCold    . . .     Gourm    .   (shield currently unavailable)
rNeg     . . .     Faith    .   (armour unavailable)
rPois    .         Spirit   .   (helmet restricted)
rElec    .         Reflect  .   o - +2 cloak
rCorr    +         Harm     .   (no gloves)
MR       .....                  m - +2 pair of boots
Stlth    ++........             (no amulet)
HPRegen  0.19/turn              f - ring of resist corrosion
MPRegen  0.15/turn              s - +5 ring of intelligence

@: lethally poisoned (-3 -> -4)
A: breathe fire, unfitting armour, fire resistance 1, cold-blooded, AC +6
a: Breathe Fire, Renounce Religion


You were in the Ecumenical Temple.
You worshipped Sif Muna.
Sif Muna was noncommittal.
You were hungry.

You visited 2 branches of the dungeon, and saw 6 of its levels.

You collected 190 gold pieces.

Inventory:

Hand Weapons
 c - a +0 spear of freezing
 p - a +6 quarterstaff of chaos (weapon)
Armour
 m - a +2 pair of boots (worn)
 o - a +2 cloak (worn)
Jewellery
 f - a ring of resist corrosion (left hand)
 q - a +2 amulet of reflection {unknown}
 s - a +5 ring of intelligence (right hand)
Wands
 u - a wand of polymorph (13)
Scrolls
 g - a scroll of remove curse
 t - a scroll of amnesia {unknown}
Potions
 d - a potion of flight {unknown}
 e - 2 potions of might
 h - 2 potions of resistance
 i - a potion of berserk rage {unknown}
 j - a potion of curing {unknown}
 k - a potion of ambrosia {unknown}
Books
 a - a book of Frost

   Spells                             Type                      Level
   a - Freeze                         Ice                          1
   b - Throw Frost                    Conjuration/Ice              2
   c - Ozocubu's Armour               Charms/Ice                   3
   d - Throw Icicle                   Conjuration/Ice              4
   e - Summon Ice Beast               Ice/Summoning                4
Comestibles
 b - 9 rations


   Skills:
 + Level 1.5 Fighting
 + Level 4.0 Dodging
 - Level 3.8 Stealth
 * Level 5.5 Spellcasting
 + Level 3.3 Conjurations
 - Level 3.9 Ice Magic


You had 15 spell levels left.
You knew the following spells:

 Your Spells              Type           Power        Failure   Level  Hunger
a - Freeze                Ice            ###.         2%          1    None
b - Throw Frost           Conj/Ice       ###...       3%          2    None


Dungeon Overview and Level Annotations

Branches:
Dungeon (5/15)             Temple (1/1) D:5

Altars:
Gozag
Hepliaklqana
Makhleb
Nemelex Xobeh
Ru
Sif Muna
Vehumet
Xom
Zin

Shops:
D:4 =


Innate Abilities, Weirdness & Mutations

You can breathe blasts of fire.
Your fiery red scales are hard. (AC +6)
You cannot fit into any form of body armour.
Your flesh is heat resistant. (rF+)
You are cold-blooded and may be slowed by cold attacks.


Message History

The orc wizard hits you but does no damage.
The orc wizard looks encouraged for a moment.
The orc wizard closely misses you. x2
It was a potion of cancellation.
Your magical effects are unravelling.
You feel magically purged.
You feel yourself speed up. The orc wizard closely misses you.
The orc wizard gestures at you while chanting.
The magic dart hits you!
* * * LOW HITPOINT WARNING * * *
The orc wizard completely misses you. The orc wizard barely misses you.
It was a potion of degeneration.
There was something very wrong with that liquid.
You feel weakened.
You feel dopey.
You feel clumsy.
* * * LOW HITPOINT WARNING * * *
You feel sick. The orc wizard casts a spell at you. The magic dart hits you!
You die...

### ._. ### #...
... ...#
##._.##.##._.##
................
_.##.##._.##.##.
................
.##.⌠.##.##.⌠.##
................
.##.##@<.##.##.
.......oo.......
.##._.##.##._.##
...... ... .....
_.##. .⌠.# .##.
. .. ..... .. #.
##.##. .# #. ...
..


You could see 2 orc wizards.

Vanquished Creatures
  The ghost of stormannn the Covered, an amateur MiAK of Lugonu (D:4)
  Grinder (D:4)
  A sky beast (D:3)
  2 ogres (D:5)
  A crimson imp (D:5)
  A centaur skeleton (D:4)
  An orc wizard (D:3)
  Crazy Yiuf (D:2)
  Jessica (D:2)
  2 worker ants (D:4)
  A howler monkey skeleton (D:4)
  4 gnolls (D:4)
  8 adders
  2 oozes
  2 worms
  A dart slug (D:1)
  2 leopard geckos
  9 orcs
  7 bats
  3 giant cockroaches
  9 goblins
  A hobgoblin (D:1)
  9 jackals
  2 quokkas (D:4)
  A ball python skeleton (D:5)
  4 frilled lizards
  10 kobolds
  A leopard gecko skeleton (D:4)
  8 rats
96 creatures vanquished.

Notes
Turn   | Place    | Note
-------+----------+-------------------------------------------
     0 | D:1      | Exaltedone87 the Draconian Ice Elementalist began the quest for the Orb.
     0 | D:1      | Reached XP level 1. HP: 14/14 MP: 3/3
   377 | D:1      | Reached XP level 2. HP: 20/20 MP: 1/5
  1083 | D:2      | Reached XP level 3. HP: 20/26 MP: 3/6
  1134 | D:2      | HP: 1/39 [poisoned by an adder]
  1721 | D:2      | Found a runed door.
  1728 | D:2      | Noticed Crazy Yiuf
  1734 | D:2      | Killed Crazy Yiuf
  1734 | D:2      | Reached skill level 3 in Spellcasting
  1734 | D:2      | Reached XP level 4. HP: 31/33 MP: 3/8
  1934 | D:2      | Noticed Jessica
  1938 | D:2      | Killed Jessica
  2002 | D:2      | Learned a level 2 spell: Throw Frost
  2201 | D:3      | Noticed a sky beast
  2212 | D:3      | Killed a sky beast
  2212 | D:3      | Reached XP level 5. HP: 37/38 MP: 0/10
  2279 | D:3      | Reached XP level 6. HP: 27/45 MP: 4/11
  2460 | D:3      | Found a sparkling altar of Nemelex Xobeh.
  2672 | D:4      | Reached skill level 4 in Spellcasting
  2678 | D:4      | Found Ipnoneiph's Jewellery Emporium.
  2968 | D:4      | Noticed stormannn's ghost (amateur MiAK)
  2981 | D:4      | Killed stormannn's ghost
  2981 | D:4      | Your scales start taking on a fiery red colour.
  2981 | D:4      | Reached XP level 7. HP: 16/50 MP: 4/13
  2981 | D:4      | Gained mutation: Your flesh is heat resistant. (rF+) [Red Draconian growth]
  3237 | D:4      | Noticed Grinder
  3241 | D:4      | Paralysed by Grinder for 6 turns
  3259 | D:4      | Killed Grinder
  3259 | D:4      | Reached skill level 5 in Spellcasting
  4073 | D:5      | Entered Level 5 of the Dungeon
  4124 | D:5      | Reached skill level 1 in Fighting
  4183 | D:5      | Found a staircase to the Ecumenical Temple.
  4191 | Temple   | Entered the Ecumenical Temple
  4196 | Temple   | Became a worshipper of Sif Muna the Loreminder
  4209 | D:5      | Reached XP level 8. HP: 53/59 MP: 6/16
  4227 | Temple   | HP: 2/59 [orc wizard/magic dart (5)]
  4228 | Temple   | Killed from afar by an orc wizard

Vault maps used:
D:1:      wheals_arrival_linesprint
D:2:      wad_crossroads, first_ration, uniq_jessica, uniq_crazy_yiuf_cottage
D:3:      nemelex_lonely_heart_becter
D:4:      minmay_door_path, serial_shops, shop, grunt_decor_one_mirror,
          uniq_grinder
D:5:      corexii_shantytown, temple_fountains
Temple:   grunt_wide_crystal_templ

Skill      XL: |  1  2  3  4  5  6  7 |
---------------+----------------------+-----
Stealth        | 2 3 |  3.8
Dodging        | 2 3 4 |  4.0
Spellcasting   | 3 4 5 |  5.5
Ice Magic      | 4 3 |  3.9
Conjurations   | 2 3 |  3.3
Fighting       | 1 |  1.5

Action                   |  1- 3 |  4- 6 |  7- 9 || total
-------------------------+-------+-------+-------++-------
Melee: Dagger            |    31 |       |       ||    31
       Tailslap          |     5 |     2 |     4 ||    11
       Unarmed           |     1 |       |       ||     1
       Spear             |    15 |       |       ||    15
       Quarterstaff      |       |    83 |    42 ||   125
 Cast: Freeze            |    39 |    27 |    19 ||    85
       Throw Frost       |       |    18 |    21 ||    39
 Abil: Breathe Fire      |       |       |     1 ||     1
  Use: Scroll            |     3 |     6 |     1 ||    10
       Potion            |     3 |     2 |     2 ||     7
 Stab: Sleeping          |     2 |       |     1 ||     3
       Confused          |       |       |     1 ||     1
  Eat: Chunk             |     3 |     4 |     1 ||     8
       Ration            |       |       |     1 ||     1
Armor: Skin              |    26 |    66 |    56 ||   148
Dodge: Dodged            |    47 |   103 |    73 ||   223

Table legend:
 A = Spawn XP
 B = Non-spawn XP
 C = Spawn XP percentage of total XP
 D = Spawn monster count
 E = Non-spawn monster count
 F = Spawn count percentage of total count
 G = Total turns spent on level
                    A         B        C        D         E        F      G
               +---------+---------+-------+---------+---------+-------+---------
         Total |       0 |    1540 |   0.0 |       0 |      96 |   0.0 |  4228
               +---------+---------+-------+---------+---------+-------+---------
           D:1 |       0 |      32 |   0.0 |       0 |      15 |   0.0 |   951
           D:2 |       0 |     126 |   0.0 |       0 |      19 |   0.0 |  1084
           D:3 |       0 |     265 |   0.0 |       0 |      34 |   0.0 |   585
           D:4 |       0 |     812 |   0.0 |       0 |      21 |   0.0 |  1490
           D:5 |       0 |     299 |   0.0 |       0 |       5 |   0.0 |   100
        Temple |       0 |       6 |   0.0 |       0 |       2 |   0.0 |    18
               +---------+---------+-------+---------+---------+-------+---------
